 Dungeon Crawl Stone Soup version 0.31-a0-977-gc230f8ef24 (webtiles) character file.

Game seed: 2218268894735042367

15 Dordric the Magician (level 2, 0/22 HPs)
             Began as a Djinni Fire Elementalist on Oct 30, 2023.
             Slain by an adder (2 damage)
             ... on level 2 of the Dungeon.
             The game lasted 00:01:11 (515 turns).

Dordric the Magician (Djinni Fire Elementalist)      Turns: 515, Time: 00:01:11

Health: 0/22       AC:  2    Str:  7    XL:     2   Next: 65%
Gold:   50         EV: 12    Int: 16    God:
                   SH:  0    Dex: 13

rFire   + + .        (no weapon)
rCold   x . .        (no shield)
rNeg    . . .        a - +0 robe
rPois   ∞            (no helmet)
rElec   .            (no cloak)
rCorr   .            (no gloves)
SInv    .            (boots unavailable)
Will    .....        (no amulet)
Stlth   ++           (no ring)
HPRegen 0.23/turn    (no ring)
MPRegen 0.00/turn

%: infuse magic (-1 HP)
@: flying
A: sickness immunity, fire resistance 2, cold vulnerability 1, float, innate
caster, HP casting, extra vitality 1
a: no special abilities


You were on level 2 of the Dungeon.
You visited 1 branch of the dungeon, and saw 2 of its levels.

You collected 50 gold pieces.

Inventory:

Armour
 a - a +0 robe (worn)
Talismans
 e - a flux talisman
Scrolls
 b - a scroll of teleportation {unknown}
 d - a scroll of fear {unknown}
Potions
 c - a potion of might {unknown}


   Skills:
 + Level 1.3 Fighting
 - Level 2.1 Dodging
 - Level 1.5 Stealth
 + Level 3.2 Spellcasting
 + Level 3.2 Conjurations
 + Level 3.2 Hexes
   Level 0.0 Charms
 + Level 3.2 Summonings
 + Level 3.2 Necromancy
 + Level 3.2 Translocations
 + Level 3.2 Transmutations
 + Level 3.2 Fire Magic
 + Level 3.2 Ice Magic
 + Level 3.2 Air Magic
 + Level 3.2 Earth Magic
 + Level 3.2 Poison Magic


You knew the following spells:

 Your Spells              Type           Power      Damage    Failure   Level
a - Foxfire               Conj/Fire      48%        2x1d6     4%          1
b - Scorch                Fire           24%        2d6       8%          2
c - Volatile Blastmotes   Fire/Tloc      24%        2d12      14%         3
d - Inner Flame           Hex/Fire       12%        N/A       14%         3
e - Flame Wave            Conj/Fire      12%        2d6       43%         4
Your spell library was empty.

Dungeon Overview and Level Annotations

Branches:
Dungeon (2/15)

Altars:


Innate Abilities, Weirdness & Mutations

You are immune to sickness and miasma.
You are immune to poison.
Your flesh is very heat resistant. (rF++)
You are vulnerable to cold. (rC-)
You float through the air rather than walking.
You learn spells naturally, not from books.
Your magical power is your life essence.
You have superior vitality. (+4 MHP)


Message History

The adder barely misses you.
The foxfire hits the adder.
The adder is moderately wounded.
The adder attacks as it pursues you! The adder misses you. The adder bites you.
An adder comes into view.
The adder attacks as it pursues you! The adder bites you.
The adder attacks as it pursues you! The adder closely misses you.
You are too injured to fight recklessly!
You are too injured to fight recklessly!
A bat comes into view.
The adder bites you but does no damage. The adder attacks as it pursues you!
The adder bites you but does no damage.
You reach down and open the door.
The adder bites you but does no damage. The adder attacks as it pursues you!
The adder bites you. x2
There is an open door here.
An adder and a hobgoblin come into view.
The adder hisses angrily.
The hobgoblin shouts!
A giant cockroach comes into view.
Found a stone.
The adder bites you. x2
* * * LOW HITPOINT WARNING * * *
The adder barely misses you.
There is an open door here.
The adder bites you but does no damage. The adder bites you but does no damage.
The adder attacks as it pursues you! The adder bites you. The adder bites you.
* * * LOW HITPOINT WARNING * * *
The adder attacks as it pursues you! The adder barely misses you. x2
The adder closely misses you. The adder attacks as it pursues you!
The adder bites you.
* * * LOW HITPOINT WARNING * * *
The adder closely misses you. The adder attacks as it pursues you!
The adder bites you.
* * * LOW HITPOINT WARNING * * *
The adder bites you.
* * * LOW HITPOINT WARNING * * *
The adder bites you but does no damage. The adder attacks as it pursues you!
The adder bites you.
You die...

####.########.
######.# #.
#...##.# #.
#......# #+ ## .#
#...#### .## ..
##.#### ..## #.
##.##.## ...#
..#######......####
...+
#.#.S.S@..#.......+
...#
#.##.####......####
..# #.###.##.#
##.##.## .#
#........# #<####
## #.######g# #.# #
#.##.###B# #.#
#........# #.#
####g##### #.#
##### #.# #.#


You could see 2 adders.

Vanquished Creatures
  2 bats (D:1)
  An endoplasm (D:2)
  2 giant cockroaches (D:1)
  2 goblins (D:1)
  2 hobgoblins (D:1)
  A kobold (D:1)
  2 ball pythons (D:1)
  A rat (D:2)
13 creatures vanquished.

Vanquished Creatures (others)
  34 foxfires
34 creatures vanquished.

Grand Total: 47 creatures vanquished

Notes
Turn   | Place    | Note
-------+----------+-------------------------------------------
     0 | D:1      | Dordric the Djinni Fire Elementalist began the quest for
                  | the Orb.
     0 | D:1      | Dordric set off with the following spells memorised:
                  | Foxfire, Scorch, Volatile Blastmotes, Inner Flame, Flame
                  | Wave.
     0 | D:1      | Reached XP level 1. HP: 15/15 MP: 0/0
   152 | D:1      | Reached XP level 2. HP: 10/22 MP: 0/0
   266 | D:1      | Reached skill level 1 in Fighting
   351 | D:1      | You are sucked into a shaft and drop 1 floor!
   511 | D:2      | HP: 1/22 [adder (2)]
   515 | D:2      | Slain by an adder

Illustrated notes

Levels and vault maps discovered:
D:1:      spicycebolla_arrival_ecumenical, layout_loops_cross, minivault_25,
          amcnicky_mini_rare_corridor_liquid
D:2:      layout_loops_corners, serial_shops, shop, shop,
          minmay_misc_feat_encased, uniq_crazy_yiuf_cottage, uniq_terence,
          uniq_robin

Skill      XL: |  1  2 |
---------------+-------+-----
Spellcasting   | |  3.2
Conjurations   | |  3.2
Hexes          | |  3.2
Summonings     | |  3.2
Necromancy     | |  3.2
Translocations | |  3.2
Transmutations | |  3.2
Fire Magic     | |  3.2
Ice Magic      | |  3.2
Air Magic      | |  3.2
Earth Magic    | |  3.2
Poison Magic   | |  3.2
Fighting       | 1 |  1.3
Dodging        | |  2.1
Stealth        | |  1.5

Action                     || total
---------------------------++-------
  Melee: Unarmed           ||    11
   Cast: Foxfire           ||    23
 Armour: Robe              ||    33
  Dodge: Dodged            ||    18

Table legend: (Time is in decaauts)
 A = Elapsed time spent in this place.
 B = Non-inter-level travel time spent in this place.
 C = Inter-level travel time spent in this place.
 D = Time resting spent in this place.
 E = Time spent auto-exploring this place.
 F = Levels seen in this place.
 G = Mean time per level.
                   A        B        C        D        E       F      G
               +--------+--------+--------+--------+--------+-----+--------+
         Total |    514 |    514 |      0 |      0 |    356 |   2 |  257.0 |
       Dungeon |    514 |    514 |      0 |      0 |    356 |   2 |  257.0 |
               +--------+--------+--------+--------+--------+-----+--------+

Top non-repeatable levels by time:
     D:1: 351 daAuts
     D:2: 163 daAuts
